 Dungeon Crawl Stone Soup version 0.30.1-9-gdf580d7c3d (webtiles) character file.

Game seed: 864400004684246891

253 Zonian the Chiller (level 5, 0/28 HPs)
             Began as a Deep Elf Ice Elementalist on Oct 8, 2023.
             Was an Initiate of Gozag.
             Slain by a kobold brigand
             ... wielding a +0 dagger
              (3 damage)
             ... in a sewer.
             The game lasted 00:06:55 (2659 turns).

Zonian the Chiller (Deep Elf Ice Elementalist)      Turns: 2659, Time: 00:07:01

Health: 0/28       AC:  3    Str:  5    XL:     5   Next: 90%
Magic:  16/23      EV: 13    Int: 24    God:    Gozag
Gold:   131        SH:  0    Dex: 15    Spells: 6/13 levels left

rFire   . . .        d - +1 dagger of Anxiety {freeze, Fragile rPois Int+2}
rCold   . . .        (no shield)
rNeg    + . .        a - +0 robe
rPois   +            (no helmet)
rElec   .            (no cloak)
rCorr   .            (no gloves)
SInv    .            n - +0 pair of boots
Will    .....        (no amulet)
Stlth   +++          u - ring "Paadiphy" {rN+ MP+9}
HPRegen 0.24/turn    (no ring)
MPRegen 0.18/turn

%: no passive effects
@: gold aura
A: no striking features
a: Renounce Religion, Potion Petition, Call Merchant, Bribe Branch


You were in a sewer.
You worshipped Gozag.
Gozag was aware of your devotion.
You visited 1 branch of the dungeon, and saw 3 of its levels.
You also visited: Sewer.

You collected 131 gold pieces.

Inventory:

Hand Weapons
 b - a +0 dagger
 d - the +1 dagger of Anxiety (weapon) {freeze, Fragile rPois Int+2}
   (You found it on level 3 of the Dungeon)

   Int:       It affects your intelligence (+2).
   rPois:     It protects you from poison.
   Fragile:   It will be destroyed if unequipped.
 i - a +0 spectral short sword
 r - a +0 rapier of protection
Missiles
 m - 4 poisoned darts
Armour
 a - a +0 robe (worn)
 n - a +0 pair of boots (worn)
Jewellery
 u - the ring "Paadiphy" (left hand) {rN+ MP+9}
   (You found it on level 3 of the Dungeon)

   [ring of magical power]

   rN:        It protects you from negative energy.
   MP:        It affects your magic capacity (+9).
Scrolls
 c - a scroll of fog
 e - a scroll of amnesia {unknown}
 f - a scroll of teleportation
 h - 2 scrolls of identify {unknown}
 k - a scroll of enchant armour {unknown}
 q - a scroll of torment {unknown}
Potions
 g - a potion of heal wounds {unknown}
 j - a potion of haste {unknown}
 l - a potion of cancellation {unknown}
 o - 2 potions of lignification {unknown}
 p - a potion of might {unknown}
 s - a potion of attraction {unknown}
 t - a potion of mutation {unknown}


   Skills:
 + Level 4.3 Dodging
 + Level 4.6 Stealth
 + Level 4.8 Spellcasting
 + Level 5.4 Ice Magic


You had 6 spell levels left.
You knew the following spells:

 Your Spells              Type           Power      Damage    Failure   Level
a - Freeze                Ice            100%       1d10      1%          1
b - Frozen Ramparts       Ice            62%        1d10      3%          3
c - Ozocubu's Armour      Ice            31%        N/A       3%          3

Your spell library contained the following spells:

 Spells                   Type           Power      Damage    Failure   Level
 Necrotise                Necr           20%        1d5       9%          1
 Vampiric Draining        Necr           5%         2d6       26%         3
 Summon Ice Beast         Ice/Summ       18%        N/A       30%         4
 Agony                    Necr           5%         N/A       94%         5


Dungeon Overview and Level Annotations

Branches:
Dungeon (3/15)              Sewer (1/1)

Altars:
Gozag


Message History

You are too injured to fight recklessly!
You are too injured to fight recklessly!
You are too injured to fight recklessly!
Unknown command.
You hit the kobold brigand. You freeze the kobold brigand.
The kobold brigand is moderately wounded.
The kobold brigand hits you with a +0 dagger.
* * * LOW HITPOINT WARNING * * *
You completely miss the kobold brigand.
The kobold brigand is moderately wounded.
The kobold brigand closely misses you.
Unknown command.
Casting: Freeze (safe; 1% risk of failure)
Confirm with . or Enter, or press ? or * to list all spells.
Aiming: Freeze (safe; 1% risk of failure)
Press: ? - help, Shift-Dir - straight line, f/p - kobold brigand
Aim: a kobold brigand, wielding a +0 dagger and quivering curare-tipped darts (moderately wounded)
You freeze the kobold brigand.
The kobold brigand is heavily wounded.
The kobold brigand hits you with a +0 dagger.
* * * LOW HITPOINT WARNING * * *
Okay, then.
Casting: Freeze (safe; 1% risk of failure)
Confirm with . or Enter, or press ? or * to list all spells.
Aiming: Freeze (safe; 1% risk of failure)
Press: ? - help, Shift-Dir - straight line, f/p - kobold brigand
Aim: a kobold brigand, wielding a +0 dagger and quivering curare-tipped darts (heavily wounded)
You freeze the kobold brigand.
The kobold brigand is heavily wounded.
The kobold brigand misses you.
Casting: Freeze (safe; 1% risk of failure)
Confirm with . or Enter, or press ? or * to list all spells.
Aiming: Freeze (safe; 1% risk of failure)
Press: ? - help, Shift-Dir - straight line, f/p - kobold brigand
Aim: a kobold brigand, wielding a +0 dagger and quivering curare-tipped darts (heavily wounded)
You freeze the kobold brigand!
The kobold brigand is almost dead.
The kobold brigand hits you with a +0 dagger.
You die...
Your body crumbles into a pile of gold.

## ##
#. .#
#~ ~#
#~ ~#
#~#K#
#.@~#
##.##
~# #$#
~#
#.###~#
#~~~~.#
##~~~##
#.~~#
#.~~#
#~~.##
#.


You could see a kobold brigand.

Vanquished Creatures
  A kobold brigand (Sewer)
  3 gnolls (D:3)
  5 adders
  3 river rats (D:3)
  A worm (D:2)
  3 dart slugs
  3 orcs (D:3)
  4 bats
  3 endoplasms (D:1)
  5 giant cockroaches
  6 goblins
  7 hobgoblins (D:1)
  3 quokkas (D:1)
  8 ball pythons
  3 frilled lizards
  7 kobolds
  11 rats
76 creatures vanquished.

Notes
Turn   | Place    | Note
-------+----------+-------------------------------------------
     0 | D:1      | Zonian the Deep Elf Ice Elementalist began the quest for
                  | the Orb.
     0 | D:1      | Reached XP level 1. HP: 10/10 MP: 6/6
   283 | D:1      | You fall into a shaft and drop 1 floor!
   301 | D:2      | Reached XP level 2. HP: 15/15 MP: 2/8
   801 | D:1      | Reached XP level 3. HP: 19/19 MP: 7/10
  1473 | D:2      | Reached XP level 4. HP: 6/24 MP: 9/11
  2305 | D:3      | Reached skill level 5 in Ice Magic
  2312 | D:3      | Identified the +1 dagger of Anxiety {freeze, Fragile rPois
                  | Int+2}
  2319 | D:3      | Learned a level 3 spell: Frozen Ramparts
  2323 | D:3      | Learned a level 3 spell: Ozocubu's Armour
  2348 | D:3      | Found a faded altar of an unknown god.
  2366 | D:3      | Reached XP level 5. HP: 8/28 MP: 5/13
  2442 | D:3      | Prayed at the altar of an unknown god.
  2442 | D:3      | Became a worshipper of Gozag Ym Sagoz the Greedy
  2528 | D:3      | Identified the ring "Paadiphy" {rN+ MP+9}
  2570 | D:3      | Found a glowing drain.
  2582 | Sewer    | Entered a sewer
  2659 | Sewer    | Slain by a kobold brigand

Illustrated notes

Levels and vault maps discovered:
D:1:      matt_arrival_los_fun, layout_basic,
          hangedman_abyss_or_decor_lesser_grid, st_stairs_2
D:2:      layout_basic, chequers_avenue, minivault_14, kennysheep_generic_room_9
D:3:      layout_loops_ring, gammafunk_temple_overflow_forgotten,
          shapermc_ecumenical_altar_pompeii, portal_sewer_entry_e, uniq_natasha,
          uniq_sigmund
Sewer:    sewer_co_tree

Skill      XL: |  1  2  3  4  5 |
---------------+----------------+-----
Stealth        | 3 4 |  4.6
Dodging        | 3 4 |  4.3
Spellcasting   | 4 |  4.8
Ice Magic      | 5 |  5.4

Action                     |  1- 3 |  4- 6 || total
---------------------------+-------+-------++-------
  Melee: Unarmed           |     3 |       ||     3
         Dagger            |     7 |    24 ||    31
         Short sword       |    26 |    13 ||    39
   Cast: Freeze            |    58 |    47 ||   105
    Use: Scroll            |     3 |     1 ||     4
         Potion            |     1 |       ||     1
   Stab: Sleeping          |     1 |     2 ||     3
         Distracted        |     1 |       ||     1
 Armour: Robe              |    17 |    14 ||    31
  Dodge: Dodged            |    61 |    35 ||    96
